 Dungeon Crawl Stone Soup version 0.30-a0-883-g5ad918d77d (webtiles) character file.

Game seed: 5304339994495846279

14459 bobarctor the Thaumaturge (level 11, -2/68 (75) HPs)
             Began as a Demonspawn Necromancer on Mar 16, 2023.
             Was an Elder of Kikubaaqudgha.
             Slain by a two-headed ogre
             ... wielding a +0 giant spiked club
              (24 damage)
             ... on level 11 of the Dungeon on Mar 17, 2023.
             The game lasted 01:40:09 (14651 turns).

bobarctor the Thaumaturge (Demonspawn Necromancer) Turns: 14651, Time: 01:40:12

HP:   -2/68 (75)    AC:  5    Str:  9    XL:     11   Next: 89%
MP:   23/24         EV: 18    Int: 21    God:    Kikubaaqudgha [****..]
Gold: 425           SH:  4    Dex: 13    Spells: 2/29 levels left

rFire   . . .      SeeInvis .    p - +2 dagger (venom)
rCold   + . .      Faith    .    (no shield)
rNeg    . . .      Spirit   .    t - +0 leather armour {rPois}
rPois   +          Reflect  .    (helmet restricted)
rElec   .          Rampage  .    h - scarf {repulsion}
rCorr   .                        (no gloves)
Will    .....                    k - +1 pair of boots
Stlth   +++                      q - amulet of magic regeneration
HPRegen 0.31/turn                C - ring of protection from cold
MPRegen 0.59/turn                O - +5 ring of evasion

@: drained, repel missiles
A: horns 2, condensation shield, demonic magic 2
a: Renounce Religion, Unearth Wretches


You were on level 11 of the Dungeon.
You worshipped Kikubaaqudgha.
Kikubaaqudgha was greatly pleased with you.
You visited 2 branches of the dungeon, and saw 12 of its levels.
You also visited: Sewer.

You collected 593 gold pieces.
You spent 168 gold pieces at shops.

Inventory:

Hand Weapons
 e - a +3 dagger of protection
 p - a +2 dagger of venom (weapon)
 w - a +1 whip of flaming
 x - a +5 flail of freezing
 A - a +1 vampiric spear
 H - a +0 shortbow of draining
 M - a +0 vampiric short sword
 T - a +0 arbalest
Missiles
 i - 59 poisoned darts
 m - 9 boomerangs
 L - a curare-tipped dart
Armour
 a - a +0 robe
 h - a scarf of repulsion (worn)
 k - a +1 pair of boots (worn)
 t - a +0 leather armour of poison resistance (worn)
 I - a +0 leather armour of cold resistance
 K - a +1 leather armour of willpower
 P - +0 acid dragon scales
Magical Staves
 n - a staff of fire
Jewellery
 q - an amulet of magic regeneration (around neck)
 C - a ring of protection from cold (left hand)
 O - a +5 ring of evasion (right hand)
Wands
 c - a wand of polymorph (12)
 y - a wand of roots (3)
 F - a wand of charming (7)
 G - a wand of flame (6)
 J - a wand of light (11)
Scrolls
 f - 5 scrolls of teleportation
 r - a scroll of torment
 s - 3 scrolls of enchant weapon
 B - 3 scrolls of vulnerability
 S - a scroll of blinking
 U - 3 scrolls of identify
 V - a scroll of brand weapon
Potions
 b - 2 potions of magic
 d - 10 potions of curing
 g - 2 potions of flight
 j - a potion of attraction
 l - 2 potions of lignification
 o - a potion of cancellation
 u - a potion of mutation
 v - a potion of invisibility
 z - 5 potions of heal wounds
 D - a potion of resistance
 E - a potion of haste
 Q - a potion of might
 R - 7 potions of ambrosia
Miscellaneous
 N - a piece from Xom's chessboard (15/15)


   Skills:
 + Level 3.4 Fighting
 + Level 4.0 Short Blades
 + Level 3.8 Armour
 + Level 5.0 Dodging
 + Level 5.8 Stealth
 + Level 3.6 Shields
 * Level 9.7 Spellcasting
 + Level 2.0 Conjurations
 + Level 9.2 Necromancy
 * Level 7.3 Translocations
 + Level 3.1 Air Magic
 + Level 4.0 Poison Magic


You had 2 spell levels left.
You knew the following spells:

 Your Spells              Type           Power      Damage    Failure   Level
a - Necrotise             Necr           100%       1d9       1%          1
b - Apportation           Tloc           82%        N/A       1%          1
c - Vampiric Draining     Necr           49%        2d9       1%          3
d - Poisonous Vapours     Pois/Air       50%        N/A       3%          2
e - Cigotuvi's Dreadful   Necr/Pois/Air  66%        N/A       1%          2
f - Mephitic Cloud        Conj/Pois/Air  23%        N/A       8%          3
g - Teleport Other        Tloc           41%        N/A       1%          3
h - Passage of Golubria   Tloc           41%        N/A       4%          4
i - Animate Dead          Necr           49%        N/A       1%          4
j - Dispel Undead         Necr           49%        3d18      1%          4

Your spell library contained the following spells:

 Spells                   Type           Power      Damage    Failure   Level
 Sublimation of Blood     Necr           49%        N/A       1%          2
 Gell's Gravitas          Tloc           41%        N/A       1%          3
 Agony                    Necr           49%        N/A       5%          5
 Frozen Ramparts          Ice            20%        1d4       26%         3
 Ozocubu's Armour         Ice            10%        N/A       26%         3
 Death Channel            Necr           24%        N/A       30%         6
 Dispersal                Tloc           20%        N/A       56%         6
 Ice Form                 Ice/Tmut       10%        N/A       65%         4
 Petrify                  Tmut/Erth      10%        N/A       65%         4
 Summon Ice Beast         Ice/Summ       10%        N/A       65%         4
 Alistair's Intoxication  Tmut/Pois      12%        N/A       73%         5
 Silence                  Hex/Air        8%         N/A       78%         5
 Irradiate                Conj/Tmut      7%         3d14      86%         5
 Simulacrum               Ice/Necr       14%        N/A       91%         6
 Metabolic Englaciation   Hex/Ice        5%         N/A       94%         5
 Malign Gateway           Summ/Tloc      12%        N/A       100%        7
 Lehudib's Crystal Spear  Conj/Erth      7%         10d3      100%        8
 Summon Horrible Things   Summ           5%         N/A       100%        8


Dungeon Overview and Level Annotations

Branches:
Dungeon (11/15)            Temple (1/1) D:5             Orc (0/2) D:11
  Sewer (visited)
   Lair: D:8-11

Altars:
Ashenzari
Fedhas
Hepliaklqana
Kikubaaqudgha
Makhleb
Nemelex Xobeh
Okawaru
Qazlal
Sif Muna
Vehumet
Xom
Yredelemnul

Shops:
D:6 *


Innate Abilities, Weirdness & Mutations

You have a pair of horns on your head.
A meltable shield of frost defends you. (SH +4)
Spells you cast may paralyse nearby enemies.


Message History

The centaur warrior shoots an arrow.
The arrow misses you.
There is a stone staircase leading up here.
Unknown command.
The centaur warrior shoots an arrow.
The arrow closely misses you.
The centaur warrior shoots an arrow.
The arrow closely misses you.
The two-headed ogre shouts in stereo!
Casting: Mephitic Cloud (dangerous; 8% risk of failure)
Confirm with . or Enter, or press ? or * to list all spells.
You can't see any susceptible monsters within range! (Use Z to cast anyway.)
Casting: Mephitic Cloud (dangerous; 8% risk of failure)
Confirm with . or Enter, or press ? or * to list all spells.
Aiming: Mephitic Cloud (dangerous; 8% risk of failure)
Press: ? - help, Shift-Dir - straight line, f - centaur warrior
Aim: a centaur warrior, wielding a +0 shortbow (moderately wounded, chance to affect: 53%)
The ball explodes into a vile cloud!
The stinking cloud engulfs the centaur warrior but does no damage.
The centaur warrior is moderately wounded.
The stinking cloud engulfs the two-headed ogre but does no damage.
Malevolent energies surge around you.
You hear a shout! x5
The two-headed ogre is engulfed in noxious fumes.
The two-headed ogre appears confused.
The two-headed ogre gestures wildly.
The centaur warrior is engulfed in noxious fumes.
The centaur warrior shoots an arrow.
The arrow hits you!!
Unknown command.
Unknown command.
The centaur warrior is engulfed in noxious fumes.
The centaur warrior appears confused.
The centaur warrior is engulfed in noxious fumes.
The centaur warrior says, "I'm a little confused."
The centaur warrior is engulfed in noxious fumes.
The centaur warrior appears confused.
You hit the two-headed ogre. You headbutt the two-headed ogre.
The two-headed ogre is lightly wounded.
The centaur warrior is engulfed in noxious fumes.
The centaur warrior appears confused.
The two-headed ogre hits you with a +0 giant spiked club!! x2
You die...
Kikubaaqudgha rasps: "You have failed me!
Welcome... death!" #K.K..# g.gTK#

##### .O.8 .
#...###K###....
#....Oc...c....
#...#######....
##.c###......#.
##..O.#.....# #
#....@......#.#.
###°c○...........
#...○.........#
#..°○○...<...##
#................
#..............##
#................
#.....<..........
###..........####


You could see a yaktaur captain, a centaur warrior (confused) and a two-headed
ogre (confused).

Vanquished Creatures
  3 two-headed ogres
  A cyclops (D:10)
  A queen bee (D:9)
  2 hornets
  2 shadows (D:10)
  A wyvern (D:5)
  5 yaks (D:9)
  Eustachio (D:6)
  A steam dragon (D:5)
  An acid dragon (D:10)
  4 water moccasins
  5 orc warriors
  4 ice beasts
  5 ogres
  2 black bears
  5 centaurs
  2 phantoms
  14 kobold brigands
  3 bullfrogs
  2 gnoll sergeants (D:11)
  4 scorpions
  3 wights
  28 killer bees
  2 howler monkeys (D:5)
  10 hounds
  6 orc priests
  2 jellies
  2 gnoll boudas
  3 iguanas
  Ijyb (D:5)
  11 orc wizards
  A sleepcap (D:7)
  A gnoll (D:2)
  9 adders
  5 river rats (Sewer)
  2 shadow imps
  2 white imps (D:6)
  4 ufetubi
  7 worms
  34 orcs
  16 endoplasms
  8 giant cockroaches
  9 hobgoblins
  6 jackals
  6 quokkas
  10 ball pythons
  7 bats
  5 frilled lizards
  4 goblins
  18 kobolds
  7 rats
297 creatures vanquished.

Vanquished Creatures (collateral kills)
  4 killer bees
  A jelly (D:5)
  A ball python (Sewer)
  2 endoplasms
  A giant cockroach (D:4)
9 creatures vanquished.

Vanquished Creatures (others)
  An orc warrior (D:7)
  A killer bee (D:9)
2 creatures vanquished.

Grand Total: 308 creatures vanquished

Notes
Turn   | Place    | Note
-------+----------+-------------------------------------------
     0 | D:1      | bobarctor the Demonspawn Necromancer began the quest for
                  | the Orb.
     0 | D:1      | Reached XP level 1. HP: 13/13 MP: 3/3
    20 | D:1      | You fall into a shaft and drop 1 floor!
   251 | D:2      | Learned a level 1 spell: Apportation
   390 | D:2      | Gained mutation: A meltable shield of frost defends you.
                  | (SH +4) [demonic ancestry]
   390 | D:2      | Reached XP level 2. HP: 14/19 MP: 0/5
   863 | D:1      | Reached XP level 3. HP: 24/24 MP: 1/6
   929 | D:1      | Learned a level 3 spell: Vampiric Draining
  1174 | D:1      | Reached skill level 1 in Translocations
  1516 | D:2      | Reached skill level 5 in Necromancy
  1984 | D:2      | Learned a level 2 spell: Poisonous Vapours
  2359 | D:2      | Gained mutation: Spells you cast may paralyse adjacent
                  | enemies. [demonic ancestry]
  2359 | D:2      | Reached XP level 4. HP: 26/30 MP: 2/8
  2741 | D:3      | Found a shimmering blue altar of Sif Muna.
  2741 | D:3      | Found a hazy altar of Hepliaklqana.
  2741 | D:3      | Found a radiant altar of Vehumet.
  2869 | D:3      | Found an ancient bone altar of Kikubaaqudgha.
  2892 | D:3      | Became a worshipper of Kikubaaqudgha
  2930 | D:3      | Reached skill level 1 in Poison Magic
  3053 | D:3      | Reached skill level 1 in Air Magic
  3053 | D:3      | Gained mutation: Spells you cast may paralyse nearby
                  | enemies. [demonic ancestry]
  3053 | D:3      | Reached XP level 5. HP: 25/35 MP: 3/9
  3365 | D:3      | Learned a level 2 spell: Cigotuvi's Dreadful Rot
  3580 | D:3      | Found a sparkling altar of Nemelex Xobeh.
  4178 | D:4      | Found a glowing drain.
  4202 | Sewer    | Entered a sewer
  4272 | Sewer    | Reached * piety under Kikubaaqudgha
  4272 | Sewer    | Received a gift from Kikubaaqudgha
  4340 | Sewer    | Gained mutation: You have a pair of small horns on your
                  | head. [demonic ancestry]
  4340 | Sewer    | Reached XP level 6. HP: 31/41 MP: 8/11
  4892 | Sewer    | Reached XP level 7. HP: 30/46 MP: 7/13
  5280 | Sewer    | Reached skill level 5 in Spellcasting
  5842 | D:4      | Learned a level 3 spell: Mephitic Cloud
  5846 | D:4      | Learned a level 3 spell: Teleport Other
  6089 | D:4      | Reached XP level 8. HP: 47/52 MP: 15/15
  6576 | D:5      | Entered Level 5 of the Dungeon
  6846 | D:5      | Reached ** piety under Kikubaaqudgha
  6880 | D:5      | Noticed Ijyb
  6883 | D:5      | Reached skill level 1 in Shields
  7053 | D:5      | Killed Ijyb
  7249 | D:5      | Found a staircase to the Ecumenical Temple.
  7274 | Temple   | Entered the Ecumenical Temple
  7470 | D:5      | Gained mutation: You have a pair of horns on your head.
                  | [demonic ancestry]
  7470 | D:5      | Reached XP level 9. HP: 57/57 MP: 18/18
  8029 | D:6      | Found Wuaqacuru's Neck Hole.
  8047 | D:6      | Bought a scarf of repulsion for 168 gold pieces
  8104 | D:6      | Learned a level 4 spell: Passage of Golubria
  8826 | D:6      | Noticed Eustachio
  8841 | D:6      | Killed Eustachio
  9329 | D:7      | Found an iron altar of Okawaru.
  9382 | D:7      | Reached skill level 1 in Armour
  9692 | D:7      | Reached skill level 5 in Translocations
  9948 | D:7      | Learned a level 4 spell: Animate Dead
 10042 | D:7      | Reached skill level 1 in Conjurations
 10045 | D:7      | Reached skill level 1 in Short Blades
 10053 | D:7      | Reached XP level 10. HP: 34/63 MP: 5/21
 10297 | D:7      | Reached skill level 5 in Stealth
 10297 | D:7      | Reached XP level 11. HP: 75/75 MP: 21/24
 10474 | D:7      | Reached *** piety under Kikubaaqudgha
 10474 | D:7      | Received a gift from Kikubaaqudgha
 10482 | D:7      | Learned a level 4 spell: Dispel Undead
 11359 | D:8      | Noticed a two-headed ogre
 11372 | D:8      | Killed a two-headed ogre
 11459 | D:8      | Found a blossoming altar of Fedhas.
 12236 | D:9      | Found a stormy altar of Qazlal.
 12458 | D:9      | Reached **** piety under Kikubaaqudgha
 12528 | D:9      | Found a shimmering altar of Xom.
 12905 | D:10     | Entered Level 10 of the Dungeon
 13240 | D:10     | Noticed a two-headed ogre
 13257 | D:10     | Killed a two-headed ogre
 13258 | D:10     | Reached skill level 5 in Dodging
 14408 | D:11     | Found a staircase to the Orcish Mines.
 14415 | D:11     | Noticed a centaur warrior
 14422 | D:11     | Noticed a two-headed ogre
 14431 | D:11     | HP: 2/67 [two-headed ogre/+0 giant spiked club (31)]
 14431 | D:11     | Noticed a yaktaur captain
 14651 | D:11     | Slain by a two-headed ogre

Illustrated notes

Levels and vault maps discovered:
D:1:      ncdulo_halloftheorcs, layout_basic, serial_rivers,
          chequers_serial_rivers_micro_a, chequers_serial_rivers_small_3,
          chequers_serial_rivers_micro_e, chequers_serial_rivers_large_a
D:2:      layout_basic, minmay_randomly_rotated_circles
D:3:      layout_loops_ring, mainiacjoe_overflow_catwalk,
          chequers_temple_overflow_statue_of_worship,
          mainiacjoe_overflow_concentric_impassable, minmay_puff
D:4:      layout_gridville, portal_sewer_entry_f
D:5:      cheibrodos_fzero, layout_gridville, minmay_temple_entry_junction,
          chequers_ossuary_entry_cave, uniq_ijyb
D:6:      layout_layer_cave, nicolae_shop_sticking_my_neck_out, uniq_eustachio
D:7:      layout_gridville, mainiacjoe_overflow_24_doors, serial_rivers,
          chequers_serial_rivers_large_b, chequers_serial_rivers_small_3,
          chequers_serial_rivers_room_b, chequers_serial_rivers_small_b,
          chequers_serial_rivers_marsh, chequers_serial_rivers_micro_a,
          hangedman_decor_lopped, minmay_circle_x
D:8:      layout_basic, kennysheep_mini
D:9:      layout_roguey [special_room_bee], tgw_xom, grunt_qazlal_sundering
D:10:     layout_loops_cross, tso_metal_star, minmay_misc_feat_columns,
          lightli_minifort
D:11:     minmay_chopped_fan, layout_cave_pools,
          kennysheep_orc_monster_closet_entryway
Temple:   chequers_temple_sunken

Skill      XL: |  1  2  3  4  5  6  7  8  9 10 11 |
---------------+----------------------------------+-----
Translocations | 1 2 3 4 5 6 7 |  7.3
Necromancy     | 5 6 8 9 |  9.2
Spellcasting   | 3 4 5 6 7 9 |  9.7
Poison Magic   | 1 2 3 4 |  4.0
Air Magic      | 1 2 3 |  3.1
Stealth        | 2 3 4 5 |  5.8
Dodging        | 2 3 4 5 |  5.0
Shields        | 1 3 |  3.6
Armour         | 1 3 |  3.8
Conjurations   | 1 2 |  2.0
Short Blades   | 1 3 4 |  4.0
Fighting       | 3 |  3.4

Action                     |  1- 3 |  4- 6 |  7- 9 | 10-12 || total
---------------------------+-------+-------+-------+-------++-------
  Melee: Unarmed           |     3 |       |       |       ||     3
         Whip              |     2 |       |       |       ||     2
         Dagger            |    21 |   128 |   375 |   285 ||   809
         Punch             |       |     2 |     9 |     8 ||    19
         Headbutt          |       |     4 |    75 |    74 ||   153
   Cast: Necrotise         |    77 |    53 |    66 |    15 ||   211
         Vampiric Draining |     1 |    11 |    34 |    24 ||    70
         Mephitic Cloud    |       |       |    13 |    24 ||    37
         Teleport Other    |       |       |     6 |       ||     6
         Cigotuvi's Dreadf |       |       |     2 |     2 ||     4
         Passage of Golubr |       |       |     2 |       ||     2
         Dispel Undead     |       |       |       |     3 ||     3
         Poisonous Vapours |       |       |       |     1 ||     1
 Invoke: Unearth Wretches  |       |       |     1 |       ||     1
    Use: Scroll            |       |     2 |    11 |    11 ||    24
         Potion            |       |       |       |     2 ||     2
   Stab: Distracted        |     1 |       |       |       ||     1
         Paralysed         |       |     4 |    35 |    10 ||    49
         Sleeping          |       |     1 |     3 |     3 ||     7
         Confused          |       |       |     1 |    11 ||    12
 Armour: Robe              |     5 |    21 |    86 |       ||   112
         Leather armour    |       |       |    31 |    28 ||    59
  Dodge: Dodged            |    26 |    66 |   231 |   197 ||   520
         Repelled          |       |       |     1 |     2 ||     3
  Block: Other             |     1 |    19 |    79 |    54 ||   153

Table legend: (Time is in decaauts)
 A = Elapsed time spent in this place.
 B = Non-inter-level travel time spent in this place.
 C = Inter-level travel time spent in this place.
 D = Time resting spent in this place.
 E = Time spent auto-exploring this place.
 F = Levels seen in this place.
 G = Mean time per level.
                   A        B        C        D        E       F      G
               +--------+--------+--------+--------+--------+-----+--------+
         Total |  14846 |  14376 |    470 |   3065 |   8351 |  13 | 1142.0 |
       Dungeon |  13435 |  12965 |    470 |   2706 |   7657 |  11 | 1221.4 |
        Temple |     26 |     26 |      0 |      0 |      0 |   1 |   26.0 |
         Sewer |   1384 |   1384 |      0 |    359 |    694 |   1 | 1384.0 |
               +--------+--------+--------+--------+--------+-----+--------+

Top non-repeatable levels by time:
    D:10: 1681 daAuts
     D:2: 1681 daAuts
     D:3: 1602 daAuts
     D:7: 1550 daAuts
   Sewer: 1384 daAuts
     D:4: 1333 daAuts
     D:9: 1316 daAuts
     D:6: 1201 daAuts
     D:5: 1126 daAuts
     D:1: 1075 daAuts
     D:8: 813 daAuts
    D:11: 53 daAuts
  Temple: 26 daAuts
